 Dungeon Crawl Stone Soup version 0.20-a0-286-gae82e34 (webtiles) character file.

69 Junicave the Digger (level 4, 0/24 HPs)
             Began as a Gargoyle Earth Elementalist on Dec 14, 2016.
             Slain by an adder (1 damage)
             ... on level 2 of the Dungeon.
             The game lasted 00:06:04 (2117 turns).

Junicave the Digger (Gargoyle Earth Elementalist)   Turns: 2117, Time: 00:06:05

Health: 0/24       AC:  5    Str: 12    XL:     4   Next: 20%
Magic:  6/9        EV: 12    Int: 16    God:
Gold:   53         SH:  0    Dex: 10    Spells: 6/10 levels left

rFire  x . .     SeeInvis .     n - +0 whip
rCold  + . .     Gourm    .     h - +0 robe
rNeg   + . .     Faith    .     (no shield)
rPois  ∞         Spirit   .     (no helmet)
rElec  +         Reflect  .     (no cloak)
rCorr  .         Harm     .     (no gloves)
MR     .....                    (no boots)
Stlth  ++........               (no amulet)
                                (no ring)
                                f - ring of ice

@: no status effects
A: negative energy resistance 1, electricity resistance, unbreathing,
petrification resistance, rot immunity, AC +3
a: no special abilities


You were on level 2 of the Dungeon.
You were not hungry.

You visited 1 branch of the dungeon, and saw 2 of its levels.

You collected 53 gold pieces.

Inventory:

Hand Weapons
 n - a +0 whip (weapon)
Missiles
 b - 46 stones (quivered)
Armour
 c - a +0 robe
 h - a +0 robe (worn)
Jewellery
 a - an uncursed ring of wizardry {unknown}
 f - a ring of ice (left hand)
Scrolls
 l - a scroll of fog {unknown}
 p - a scroll of remove curse {unknown}
 q - a scroll of immolation {unknown}
Potions
 i - a potion of curing {unknown}
 k - 2 potions of mutation {unknown}
 o - a potion of heal wounds {unknown}
Books
 e - a book of Geomancy

   Spells                             Type                      Level
   a - Sandblast                      Earth                        1
   b - Passwall                       Transmutation/Earth          2
   c - Stone Arrow                    Conjuration/Earth            3
   d - Petrify                        Transmutation/Earth          4
   e - Lee's Rapid Deconstruction     Earth                        5
Comestibles
 d - a bread ration
 g - 2 meat rations
 j - 3 fruits
 m - 5 chunks of flesh


   Skills:
 - Level 1.5 Dodging
 - Level 2.1 Stealth
 * Level 3.5 Spellcasting
 + Level 1.0 Conjurations
   Level 0.7 Transmutations
 + Level 4.2 Earth Magic


You had 6 spell levels left.
You knew the following spells:

 Your Spells              Type           Power        Failure   Level  Hunger
a - Sandblast             Erth           ###...       3%          1    None
b - Stone Arrow           Conj/Erth      ##....       17%         3    ###....


Dungeon Overview and Level Annotations

Branches:
Dungeon (2/15)

Altars:


Innate Abilities, Weirdness & Mutations

You are resistant to torment.
Your stone body is resilient. (AC +3)
You are immune to poison.
You resist negative energy. (rN+)
You are resistant to electric shocks. (rElec)
You can survive without breathing.
You are immune to petrification.
You are immune to rotting.


Message History

An adder comes into view.
Casting: Sandblast
Confirm with . or Enter, or press ? or * to list all spells.
Aiming: Sandblast
Press: ? - help, Shift-Dir - straight line, f/p - gnoll
Aim: a gnoll, wielding a flail (moderately wounded)
The blast of sand hits the gnoll.
The gnoll is moderately wounded.
The adder hisses angrily.
The gnoll splashes around in the water.
You hit the gnoll but do no damage.
The gnoll is moderately wounded.
The gnoll hits you with a flail!
* * * LOW HITPOINT WARNING * * *
You barely miss the gnoll.
The gnoll is moderately wounded.
The adder bites you.
* * * LOW HITPOINT WARNING * * *
The adder bites you.
You die...

# #.....#
###≈≈PP≈≈≈♣♣♣♣g≈≈≈♣♣#..
#.#######..≈P≈≈≈≈≈≈PP≈≈≈≈P≈≈≈..
.........................
#...♣≈≈PP≈≈≈≈≈≈≈≈≈≈≈≈≈.≈
...P≈P≈≈P≈≈≈≈≈≈≈≈≈≈≈.≈
.#.#P≈P≈≈≈♣♣≈≈≈P≈≈≈≈.≈
##.g♣♣♣♣≈###♣♣♣♣≈≈≈.≈ ##S.# .##
♣♣≈≈.≈ . ##..@##.# ♣≈≈.≈
#.#.#..##.# ♣♣≈≈.≈ ###........#
♣≈≈≈.≈ ........#### ♣♣♣♣≈≈≈.≈
###.###....# ♣≈≈P≈≈≈.≈ ...
####.# ##♣≈≈≈≈≈≈.P ### ##
#.###≈♣≈≈≈≈≈).≈
#...#.##≈≈PP≈≈≈≈≈.≈
#.....≈≈≈≈≈≈≈≈.≈


You could see a gnoll and an adder.

Vanquished Creatures
  2 gnolls
  An adder (D:2)
  2 dart slugs (D:1)
  6 bats
  3 giant cockroaches
  5 goblins (D:1)
  4 hobgoblins
  8 kobolds
  6 rats
37 creatures vanquished.

Notes
Turn   | Place    | Note
-------+----------+-------------------------------------------
     0 | D:1      | Junicave the Gargoyle Earth Elementalist began the quest for the Orb.
     0 | D:1      | Reached XP level 1. HP: 10/10 MP: 3/3
   398 | D:1      | Reached XP level 2. HP: 15/15 MP: 3/5
   804 | D:1      | Reached XP level 3. HP: 18/19 MP: 1/7
   809 | D:1      | Learned a level 3 spell: Stone Arrow
  1235 | D:1      | Reached skill level 4 in Earth Magic
  1937 | D:2      | Reached skill level 1 in Conjurations
  1937 | D:2      | Reached XP level 4. HP: 12/24 MP: 2/9
  2116 | D:2      | HP: 1/24 [adder (2)]
  2117 | D:2      | Slain by an adder

Vault maps used:
D:1:      zaba_arrival_water
D:2:      serial_bayou_lagoon_b

Skill      XL: |  1  2  3 |
---------------+----------+-----
Spellcasting   | 3 |  3.5
Earth Magic    | 4 |  4.2
Conjurations   | 1 |  1.0
Dodging        | |  1.5
Stealth        | |  2.1
Transmutations | |  0.7

Action                   |  1- 3 |  4- 6 || total
-------------------------+-------+-------++-------
Melee: Unarmed           |    31 |       ||    31
       Whip              |    15 |     8 ||    23
 Cast: Sandblast         |    55 |     7 ||    62
 Stab: Sleeping          |     1 |       ||     1
  Eat: Chunk             |     4 |       ||     4
Armor: Robe              |    20 |     4 ||    24
Dodge: Dodged            |    55 |     2 ||    57
